 Dungeon Crawl Stone Soup version 0.28.0-53-g5a82cb258f (webtiles) character file.

Game seed: 14348672326166105579

3182 DocClef the Blocker (level 9, 0/74 HPs)
             Began as a Gnoll Fighter on June 28, 2022.
             Was a Believer of Okawaru.
             Slain by an orc warrior
             ... wielding a +0 mace
              (10 damage)
             ... on level 7 of the Dungeon.
             The game lasted 00:08:47 (8463 turns).

DocClef the Blocker (Gnoll Fighter)                 Turns: 8463, Time: 00:08:48

Health: 0/74       AC: 12    Str: 20    XL:     9   Next: 95%
Magic:  15/16      EV: 13    Int:  7    God:    Okawaru [**....]
Gold:   265        SH:  6    Dex: 12    Spells: 17/17 levels left

rFire   . . .      SeeInvis +   k - +2 flail (protect)
rCold   . . .      Faith    .   c - +0 buckler
rNeg    . . .      Spirit   .   r - +2 leather armour {Will+}
rPois   .          Reflect  .   h - +0 helmet
rElec   +          Harm     .   n - scarf {repulsion}
rCorr   .          Rampage  .   (no gloves)
Will    +....                   (no boots)
Stlth   ++........              (no amulet)
HPRegen 0.22/turn               f - ring of wizardry
MPRegen 0.15/turn               (no ring)

@: under a protective aura, repel missiles
A: fangs 1, strong nose, distributed training, see invisible, deformed body,
electricity resistance
a: Renounce Religion, Heroism


You were on level 7 of the Dungeon.
You worshipped Okawaru.
Okawaru was pleased with you.
You visited 2 branches of the dungeon, and saw 8 of its levels.

You collected 265 gold pieces.

Inventory:

Hand Weapons
 a - a +0 flail
 e - a +3 trident
 i - the +0 morningstar of Puckish Watchfulness {protect, Int+4}
   (You took it off a centaur on level 5 of the Dungeon)

   It grants its wielder temporary protection when it strikes (+7 to AC).
   Int:       It affects your intelligence (+4).
 k - a +2 flail of protection (weapon)
 p - a +1 whip of draining
Missiles
 m - 4 curare-tipped darts (quivered)
Armour
 b - a +0 scale mail
 c - a +0 buckler (worn)
 h - a +0 helmet (worn)
 n - a scarf of repulsion (worn)
 r - a +2 leather armour of willpower (worn)
Jewellery
 f - a ring of wizardry (left hand)
Wands
 l - a wand of charming (28)
 o - a wand of mindburst (10)
 q - a wand of iceblast (2)
Scrolls
 s - a scroll of identify
 u - 2 scrolls of fog
Potions
 d - 3 potions of might
 j - a potion of flight
 t - a potion of magic
Miscellaneous
 v - a condenser vane (inert)
 w - a phial of floods (inert)


   Skills:
 + Level 8.2 Fighting
 + Level 4.7 Short Blades
 + Level 4.7 Long Blades
 + Level 4.7 Axes
 + Level 6.6 Maces & Flails
 + Level 4.7 Polearms
 + Level 4.7 Staves
 + Level 4.7 Slings
 + Level 4.7 Bows
 + Level 4.7 Crossbows
 + Level 4.7 Throwing
 + Level 8.2 Armour
 + Level 4.7 Dodging
 + Level 4.7 Stealth
 + Level 8.2 Shields
 + Level 4.7 Unarmed Combat
 + Level 4.7 Spellcasting
 + Level 3.9 Conjurations
 + Level 3.9 Hexes
 + Level 3.9 Summonings
 + Level 3.9 Necromancy
 + Level 3.9 Translocations
 + Level 3.9 Transmutations
 + Level 3.9 Fire Magic
 + Level 3.9 Ice Magic
 + Level 3.9 Air Magic
 + Level 3.9 Earth Magic
 + Level 3.9 Poison Magic
 + Level 5.2 Invocations
 + Level 4.7 Evocations


You had 17 spell levels left.
You didn't know any spells.
Your spell library contained the following spells:

 Spells                   Type           Power      Damage    Failure   Level
 Apportation              Tloc           14%        N/A       3%          1
 Magic Dart               Conj           28%        1d4       3%          1
 Slow                     Hex            28%        N/A       3%          1
 Searing Ray              Conj           14%        2d5       4%          2
 Confusing Touch          Hex            7%         N/A       10%         3
 Ozocubu's Armour         Ice            7%         N/A       10%         3
 Vampiric Draining        Necr           7%         2d6       10%         3
 Fulminant Prism          Conj/Hex       3%         3d6       32%         4
 Ozocubu's Refrigeration  Ice            3%         4d5       100%        7
 Animate Skeleton         Necr           Unusable   N/A       N/A         1
 Summon Small Mammal      Summ           Unusable   N/A       N/A         1

Dungeon Overview and Level Annotations

Branches:
Dungeon (7/15)             Temple (1/1) D:5

Altars:
Ashenzari
Cheibriados
Dithmenos
Elyvilon
Gozag
Hepliaklqana
Kikubaaqudgha
Makhleb
Nemelex Xobeh
Okawaru
Qazlal
Sif Muna
Trog
Uskayaw
Vehumet
Wu Jian
Xom
Yredelemnul
The Shining One

Shops:
D:2 =

Annotations:
D:3 2 runed translucent doors, Kazon's ghost, amateur DDFi
D:5 2 runed translucent doors


Innate Abilities, Weirdness & Mutations

You have very sharp teeth.
Your uncanny sense of smell can sniff out nearby items.
Your experience applies equally to all skills.
You have supernaturally acute eyesight. (SInv)
Armour fits poorly on your strangely shaped body.
You are resistant to electric shocks. (rElec)


Message History

The howler monkey hoots and howls with incredible vigour!
The steam dragon breathes steam at you. The ball of steam hits you!
You hear a shout!
You sock the steam dragon!
The steam dragon is severely wounded.
You are engulfed in a cloud of scalding steam.
* * * LOW HITPOINT WARNING * * *
The howler monkey hoots and howls with incredible vigour!
The shadow imp lashes its tail.
The steam dragon bites you.
* * * LOW HITPOINT WARNING * * *
You block the steam dragon's attack.
You feel better.
You are engulfed in a cloud of scalding steam.
* * * LOW HITPOINT WARNING * * *
The steam dragon breathes steam at you.
The ball of steam is repelled.
It was a potion of magic.
Magic courses through your body.
You are engulfed in a cloud of scalding steam.
The steam dragon closely misses you.
The steam dragon claws you but does no damage.
You hit the steam dragon.
The steam dragon is severely wounded.
You are engulfed in a cloud of scalding steam.
You block the steam dragon's attack. The steam dragon barely misses you.
You sock the steam dragon!
You kill the steam dragon!
Okawaru accepts your kill.
You thump the howler monkey!
You kill the howler monkey!
Okawaru accepts your kill. The shadow imp misses you.
You thump the shadow imp!
You kill the shadow imp!
Okawaru accepts your kill.
You hit the orc warrior but do no damage.
Your bite misses the orc warrior. The orc warrior barely misses you.
The orc warrior hits you with a +0 mace!
You die...

#.#.# #.. #.#.#.###
#.. #.#.#...## #..
#.#.#....# #..
#.#.#....#######..
#.#...###.....##..
#Y#.#............#
#o#.#.............
#@#.#............. #
#)#.#.....>.......
#.#'#.#.............
♣...♣#.............
♣♣.♣♣#.............
### ............
......... ∆ .#######
∆∆


You could see an orc warrior and an ice beast.

Vanquished Creatures
  A gargoyle (D:7)
  A steam dragon (D:7)
  Menkaure (D:5)
  Edmund (D:5)
  3 water moccasins (D:6)
  A hornet zombie (D:5)
  3 ogres (D:5)
  3 centaurs
  A phantom (D:5)
  2 bullfrogs
  2 water moccasin zombies (D:5)
  2 scorpions
  A wyvern skeleton (D:5)
  4 killer bees (D:4)
  5 wights
  A crimson imp (D:4)
  2 centaur zombies
  A howler monkey (D:7)
  A centaur skeleton (D:5)
  3 hounds
  2 bullfrog skeletons
  Ijyb (D:3)
  3 iguanas
  Natasha (thrice) (D:2)
  A hound skeleton (D:5)
  Robin (D:2)
  7 gnolls
  11 adders
  2 shadow imps (D:7)
  2 ufetubi
  An adder skeleton (D:4)
  5 dart slugs
  An orc (D:3)
  8 ball pythons
  6 endoplasms
  3 giant cockroaches
  8 hobgoblins
  3 jackals (D:2)
  5 quokkas
  4 bats
  5 frilled lizards
  19 goblins
  9 kobolds
  6 rats
155 creatures vanquished.

Vanquished Creatures (others)
  An orc (D:7)
1 creature vanquished.

Grand Total: 156 creatures vanquished

Notes
Turn   | Place    | Note
-------+----------+-------------------------------------------
     0 | D:1      | DocClef the Gnoll Fighter began the quest for the Orb.
     0 | D:1      | Reached XP level 1. HP: 23/23 MP: 1/1
   110 | D:1      | Reached XP level 2. HP: 26/29 MP: 2/2
   278 | D:1      | Reached XP level 3. HP: 35/35 MP: 3/3
   639 | D:1      | Reached skill level 1 in Invocations
   752 | D:1      | Reached skill level 1 in Short Blades
   752 | D:1      | Reached skill level 1 in Long Blades
   752 | D:1      | Reached skill level 1 in Axes
   752 | D:1      | Reached skill level 1 in Polearms
   752 | D:1      | Reached skill level 1 in Staves
   752 | D:1      | Reached skill level 1 in Slings
   752 | D:1      | Reached skill level 1 in Bows
   752 | D:1      | Reached skill level 1 in Crossbows
   752 | D:1      | Reached skill level 1 in Throwing
   752 | D:1      | Reached skill level 1 in Dodging
   752 | D:1      | Reached skill level 1 in Stealth
   752 | D:1      | Reached skill level 1 in Unarmed Combat
   752 | D:1      | Reached skill level 1 in Spellcasting
   752 | D:1      | Reached skill level 1 in Evocations
   753 | D:1      | Reached XP level 4. HP: 19/41 MP: 5/5
   952 | D:2      | Noticed Robin
  1103 | D:2      | Killed Robin
  1104 | D:2      | Reached skill level 1 in Conjurations
  1104 | D:2      | Reached skill level 1 in Hexes
  1104 | D:2      | Reached skill level 1 in Summonings
  1104 | D:2      | Reached skill level 1 in Necromancy
  1104 | D:2      | Reached skill level 1 in Translocations
  1104 | D:2      | Reached skill level 1 in Transmutations
  1104 | D:2      | Reached skill level 1 in Fire Magic
  1104 | D:2      | Reached skill level 1 in Ice Magic
  1104 | D:2      | Reached skill level 1 in Air Magic
  1104 | D:2      | Reached skill level 1 in Earth Magic
  1104 | D:2      | Reached skill level 1 in Poison Magic
  1498 | D:2      | Noticed Natasha
  1505 | D:2      | Killed Natasha
  1506 | D:2      | Reached XP level 5. HP: 31/47 MP: 5/7
  1933 | D:2      | Noticed Natasha
  1940 | D:2      | Killed Natasha
  2184 | D:2      | Found Calolin's Jewellery Emporium.
  2322 | D:2      | Noticed Natasha
  2330 | D:2      | Killed Natasha
  2462 | D:3      | Reached XP level 6. HP: 52/53 MP: 8/8
  2730 | D:3      | Noticed Ijyb
  2747 | D:3      | Killed Ijyb
  2778 | D:3      | Found an ornate altar of the Wu Jian Council.
  2778 | D:3      | Found a glowing golden altar of the Shining One.
  2809 | D:3      | Reached skill level 5 in Maces & Flails
  3298 | D:3      | Found a faded altar of an unknown god.
  3319 | D:3      | Found a large runed translucent door.
  3320 | D:3      | Found a large runed translucent door.
  3323 | D:3      | Noticed Kazon's ghost (amateur DDFi)
  3653 | D:4      | Found a broken altar of Ashenzari.
  3765 | D:4      | Gained mutation: Armour fits poorly on your strangely
                  | shaped body. [potion of mutation]
  3765 | D:4      | Gained mutation: You are resistant to electric shocks.
                  | (rElec) [potion of mutation]
  3765 | D:4      | Gained mutation: You have supernaturally acute eyesight.
                  | (SInv) [potion of mutation]
  3780 | D:4      | Reached XP level 7. HP: 13/59 MP: 10/10
  4160 | D:4      | Found a shimmering altar of Xom.
  4160 | D:4      | Found a burning altar of Makhleb.
  4288 | D:4      | Found a white marble altar of Elyvilon.
  4411 | D:4      | Found a basalt altar of Yredelemnul.
  4443 | D:5      | Entered Level 5 of the Dungeon
  4449 | D:5      | Found a large runed translucent door.
  4451 | D:5      | Found a large runed translucent door.
  4652 | D:5      | HP: 3/60 [wyvern skeleton (9)]
  4655 | D:5      | Reached XP level 8. HP: 4/67 MP: 12/12
  5020 | D:5      | Noticed Edmund
  5048 | D:5      | Killed Edmund
  5201 | D:5      | Found a large runed translucent door.
  5201 | D:5      | Found a large runed translucent door.
  5256 | D:5      | Found a staircase to the Ecumenical Temple.
  5324 | Temple   | Entered the Ecumenical Temple
  5420 | Temple   | Became a worshipper of Warmaster Okawaru
  5453 | D:5      | Noticed Menkaure
  5458 | D:5      | Killed Menkaure
  5471 | D:5      | HP: 2/67 [hornet zombie (5)]
  6173 | D:5      | Identified the +2 dagger "Killer Bee's Peril" {protect,
                  | rN++ SInv}
  6365 | D:5      | Identified the +0 morningstar of Puckish Watchfulness
                  | {protect, Int+4}
  6388 | D:5      | Reached XP level 9. HP: 11/72 MP: 14/14
  6881 | D:6      | Reached * piety under Okawaru
  7719 | D:6      | Reached ** piety under Okawaru
  8005 | D:6      | Found a hide-covered altar of Uskayaw.
  8006 | D:6      | Found a shadowy altar of Dithmenos.
  8008 | D:6      | Found a hazy altar of Hepliaklqana.
  8167 | D:7      | Noticed a gargoyle
  8179 | D:7      | Killed a gargoyle
  8180 | D:7      | Reached skill level 5 in Invocations
  8463 | D:7      | Slain by an orc warrior

Illustrated notes

Levels and vault maps discovered:
D:1:      saegor_arrival_simple_b, layout_basic, chequers_serial_rivers_micro_e,
          minmay_surrounded
D:2:      layout_loops_cross, serial_shops, shop, uniq_natasha, uniq_robin
D:3:      layout_basic, nicolae_overflow_hidden_temple, basic_ecumenical_altar,
          ebering_ghost_disaster_area, serial_bayou_crossing, uniq_ijyb
D:4:      layout_cave_pools, grunt_temple_overflow_champion_of_chaos,
          kennysheep_ying_yang, ashenzari_altar_1
D:5:      layout_loops_ring, minmay_temple_entry_butterflies,
          minmay_hollow_rounded_squares, uniq_edmund, uniq_menkaure
D:6:      layout_gridville, minitemple
D:7:      nzn_winding_woodlands_cross [nzn_winding_woodlands_5x15_garden,
          nzn_winding_woodlands_5x15_pockets,
          nzn_winding_woodlands_5x15_longhouse,
          nzn_winding_woodlands_5x15_twine,
          nzn_winding_woodlands_15x15_boxy_spiral], layout_layer_cave,
          nicolae_ru_path_of_blood, enter_bailey_1, uniq_crazy_yiuf_cottage
Temple:   jpeg_temple_island

Skill      XL: |  1  2  3  4  5  6  7  8  9 |
---------------+----------------------------+-----
Invocations    | 1 2 3 4 5 |  5.2
Short Blades   | 1 2 3 4 |  4.7
Long Blades    | 1 2 3 4 |  4.7
Axes           | 1 2 3 4 |  4.7
Polearms       | 1 2 3 4 |  4.7
Staves         | 1 2 3 4 |  4.7
Slings         | 1 2 3 4 |  4.7
Bows           | 1 2 3 4 |  4.7
Crossbows      | 1 2 3 4 |  4.7
Throwing       | 1 2 3 4 |  4.7
Dodging        | 1 2 3 4 |  4.7
Stealth        | 1 2 3 4 |  4.7
Unarmed Combat | 1 2 3 4 |  4.7
Spellcasting   | 1 2 3 4 |  4.7
Evocations     | 1 2 3 4 |  4.7
Conjurations   | 1 2 3 |  3.9
Hexes          | 1 2 3 |  3.9
Summonings     | 1 2 3 |  3.9
Necromancy     | 1 2 3 |  3.9
Translocations | 1 2 3 |  3.9
Transmutations | 1 2 3 |  3.9
Fire Magic     | 1 2 3 |  3.9
Ice Magic      | 1 2 3 |  3.9
Air Magic      | 1 2 3 |  3.9
Earth Magic    | 1 2 3 |  3.9
Poison Magic   | 1 2 3 |  3.9
Maces & Flails | 5 6 |  6.6
Fighting       | 7 8 |  8.2
Armour         | 7 8 |  8.2
Shields        | 7 8 |  8.2

Action                   |  1- 3 |  4- 6 |  7- 9 || total
-------------------------+-------+-------+-------++-------
Melee: Flail             |    13 |       |   213 ||   226
       Trident           |    70 |    82 |       ||   152
       Bite              |     6 |     8 |    45 ||    59
       Whip              |       |    94 |   148 ||   242
Evoke: Wand              |       |       |     2 ||     2
       Phial of floods   |       |       |     1 ||     1
       Condenser vane    |       |       |     1 ||     1
  Use: Scroll            |     1 |     2 |     2 ||     5
       Potion            |       |     4 |     4 ||     8
 Stab: Sleeping          |       |     2 |     4 ||     6
Armor: Scale mail        |    33 |    34 |       ||    67
       Skin              |       |    74 |    17 ||    91
       Leather armour    |       |    18 |   128 ||   146
Dodge: Dodged            |    27 |    83 |   206 ||   316
       Repelled          |       |     1 |     1 ||     2
Block: Buckler           |    18 |    59 |   111 ||   188
